[Event "Titled Tuesday Blitz October 11 Early 2022"]
[White "Tologon tegin, Semetei"]
[Black "Zhao, Jun"]
[WhiteFideId "13800574"]
[BlackFideId "8602522"]
[WhiteElo "2282"]
[BlackElo "2547"]
[Result "1-0"]
[Round "04"]
[TimeControl "180+1"]
[Date "2022.10.12"]
[WhiteClock "0:00:10"]
[BlackClock "0:00:01"]

1. e4 e5 2. Nc3 Nc6 3. g3 Nf6 4. Bg2 Bc5 5. Nge2 d6 6. O-O a6 7. d3 h6 8. h3 Nd4 9. Kh2 Qe7 10. f4 Be6 11. fxe5 dxe5 12. Nd5 Bxd5 13. exd5 Nxe2 14. Qxe2 Bd6 15. Bd2 Nd7 16. Rae1 O-O-O 17. c4 Rhf8 18. a3 Bc5 19. b4 Bd4 20. Be3 Bxe3 21. Qxe3 Kb8 22. c5 Rfe8 23. d4 Nf6 24. d6 cxd6 25. cxd6 Qxd6 26. dxe5 Qc7 27. b5 axb5 28. Qb3 Nd7 29. Qxb5 Rxe5 30. Rxe5 Nxe5 31. Bxb7 Qxb7 32. Qxe5+ Qc7 33. Rb1+ Kc8 34. Qf5+ Rd7 35. Qe4 Kd8 36. Qa8+ Ke7 37. Re1+ Kf6 38. Rf1+ Kg6 39. Qe4+ Kh5 40. Qg4# 1-0


[Site "https://www.chess.com"]

[Event "Titled Tuesday Blitz October 11 Early 2022"]
[White "Toncheva, Nadya"]
[Black "Piesik, Piotr"]
[WhiteFideId "2924056"]
[BlackFideId "1136194"]
[WhiteElo "2101"]
[BlackElo "2323"]
[Result "0-1"]
[Round "04"]
[TimeControl "180+1"]
[Date "2022.10.12"]
[WhiteClock "0:00:04"]
[BlackClock "0:00:38"]

1. e4 g6 2. d4 Bg7 3. Nf3 c6 4. Nc3 d6 5. Bd3 Nf6 6. O-O O-O 7. Qe2 Bg4 8. h3 Bxf3 9. Qxf3 Nbd7 10. Ne2 e5 11. c3 Qc7 12. a4 Rae8 13. Bg5 d5 14. Bxf6 Nxf6 15. dxe5 dxe4 16. Bxe4 Nxe4 17. Qxe4 Bxe5 18. Qf3 Re6 19. Rad1 Rd8 20. Ng3 Bxg3 21. fxg3 Rxd1 22. Rxd1 h5 23. Kh1 Qa5 24. Rd7 f5 25. Qf4 Qe5 26. Qh6 Re7 27. Qxg6+ Kf8 28. Rd8+ Re8 29. Rxe8+ Qxe8 30. Qxe8+ Kxe8 31. Kg1 Ke7 32. Kf2 Ke6 33. Kf3 Ke5 34. g4 fxg4+ 35. hxg4 h4 36. g3 h3 37. Kf2 Kf6 38. Kg1 Kg5 39. Kh2 Kxg4 40. b3 a5 41. b4 b6 42. b5 cxb5 43. axb5 a4 44. c4 a3 45. c5 a2 46. cxb6 a1=Q 47. b7 Qb2+ 48. Kg1 Qg2# 0-1


[Site "https://www.chess.com"]

[Event "Titled Tuesday Blitz October 11 Early 2022"]
[White "Torres Boch, Jose Francisco"]
[Black "Machidon, Cristi"]
[WhiteFideId "2278383"]
[BlackFideId "13904590"]
[WhiteElo "2073"]
[BlackElo "2312"]
[Result "0-1"]
[Round "04"]
[TimeControl "180+1"]
[Date "2022.10.12"]
[WhiteClock "0:01:50"]
[BlackClock "0:01:20"]

1. e4 c6 2. d4 d5 3. Nd2 dxe4 4. Nxe4 Nf6 5. Nxf6+ exf6 6. c3 Bd6 7. Bd3 O-O 8. Qc2 Re8+ 9. Ne2 h5 10. O-O h4 11. h3 Nd7 12. Bf4 Nf8 13. Bxd6 Qxd6 14. Rfe1 Ne6 15. Bf5 Ng5 16. Bxc8 Raxc8 17. Qf5 Rcd8 18. Nf4 g6 19. Nxg6 fxg6 20. Qxg6+ Kf8 21. Qh6+ Kf7 22. Qxh4 Rh8 23. Qg4 Nxh3+ 24. Kf1 Rdg8 25. Qf5 Nf4 26. f3 Rxg2 0-1


[Site "https://www.chess.com"]

[Event "Titled Tuesday Blitz October 11 Early 2022"]
[White "Trimitzios, Petros"]
[Black "Martic, Ivan"]
[WhiteFideId "25808796"]
[BlackFideId "929301"]
[WhiteElo "2265"]
[BlackElo "2355"]
[Result "1-0"]
[Round "04"]
[TimeControl "180+1"]
[Date "2022.10.12"]
[WhiteClock "0:01:36"]
[BlackClock "0:00:25"]

1. e4 c5 2. Nc3 e6 3. f4 Nc6 4. Bc4 a6 5. a3 b5 6. Ba2 Bb7 7. Nf3 Nge7 8. d3 Nd4 9. Nxd4 cxd4 10. Ne2 Nc6 11. O-O Bc5 12. f5 Ne5 13. Nf4 g6 14. fxe6 dxe6 15. Qe1 Qc7 16. Qg3 O-O-O 17. Ne2 h5 18. Bf4 Bd6 19. Rac1 h4 20. Qf2 Ng4 21. Bxd6 Qxd6 22. Qf4 Qxf4 23. Rxf4 Ne5 24. Rcf1 Rd7 25. h3 g5 26. Rf6 Kd8 27. R6f2 Ke7 28. Nc1 Rh7 29. b4 g4 30. Nb3 gxh3 31. gxh3 Rg7+ 32. Kh2 Ba8 33. Nc5 Ra7 34. Rf4 Rh7 35. Rf6 a5 36. Bxe6 axb4 37. axb4 Ra2 38. Bxa2 1-0


[Site "https://www.chess.com"]

[Event "Titled Tuesday Blitz October 11 Early 2022"]
[White "Troltenier, Dirk"]
[Black "Parpiev, Isaak"]
[WhiteFideId "4606400"]
[BlackFideId "34281576"]
[WhiteElo "2266"]
[BlackElo "2100"]
[Result "1-0"]
[Round "04"]
[TimeControl "180+1"]
[Date "2022.10.12"]
[WhiteClock "0:00:38"]
[BlackClock "0:00:01"]

1. e4 c5 2. c3 Nf6 3. e5 Nd5 4. d4 cxd4 5. Nf3 Nc6 6. Bc4 Nb6 7. Bb3 e6 8. O-O d5 9. exd6 Bxd6 10. cxd4 O-O 11. Nc3 Nb4 12. Qe2 N4d5 13. Re1 Bd7 14. Ne5 Rc8 15. Bd2 a6 16. Rac1 Be8 17. a3 Nxc3 18. Bxc3 Bb5 19. Qe4 Nd5 20. Bxd5 exd5 21. Qxd5 Bc6 22. Qb3 Qh4 23. g3 Qh6 24. Nxc6 bxc6 25. Qb7 c5 26. d5 c4 27. Rcd1 Bc5 28. d6 Bxd6 29. Qxa6 Rcd8 30. Qxc4 Bb8 31. Qe4 Rc8 32. a4 f5 33. Qe6+ Qxe6 34. Rxe6 Kf7 35. Rde1 Rc7 36. a5 Ra7 37. Rb6 1-0


[Site "https://www.chess.com"]

[Event "Titled Tuesday Blitz October 11 Early 2022"]
[White "Turayev, Shahruh"]
[Black "Mihailidis, Anastasios"]
[WhiteFideId "14003856"]
[BlackFideId "4205588"]
[WhiteElo "2624"]
[BlackElo "2312"]
[Result "1-0"]
[Round "04"]
[TimeControl "180+1"]
[Date "2022.10.12"]
[WhiteClock "0:01:57"]
[BlackClock "0:00:42"]

1. e4 c5 2. Nc3 Nc6 3. Bb5 Nd4 4. Bc4 e6 5. Nge2 Nxe2 6. Qxe2 d6 7. O-O Nf6 8. d3 Be7 9. f4 O-O 10. f5 d5 11. Bb3 dxe4 12. dxe4 exf5 13. exf5 a6 14. a4 b6 15. Bg5 Bb7 16. Rae1 Bd6 17. Nd5 Bxd5 18. Bxd5 Bxh2+ 19. Kxh2 Qd6+ 20. Kh1 Nxd5 21. f6 Rfe8 22. Qxe8+ Rxe8 23. Rxe8+ Qf8 24. Rfe1 gxf6 25. Bh6 Ne7 26. R1xe7 1-0


[Site "https://www.chess.com"]

[Event "Titled Tuesday Blitz October 11 Early 2022"]
[White "Tworuszka, Michal"]
[Black "Shaik Sumer Arsh"]
[WhiteFideId "1117858"]
[BlackFideId "45020000"]
[WhiteElo "2333"]
[BlackElo "2190"]
[Result "0-1"]
[Round "04"]
[TimeControl "180+1"]
[Date "2022.10.12"]
[WhiteClock "0:00:02"]
[BlackClock "0:00:17"]

1. d4 Nf6 2. c4 e6 3. Nc3 Bb4 4. f3 d5 5. a3 Bxc3+ 6. bxc3 c5 7. cxd5 Nxd5 8. dxc5 Qa5 9. e4 Nf6 10. Qd4 O-O 11. Qb4 Qc7 12. a4 Na6 13. Qa3 Nxc5 14. Be3 Nfd7 15. Nh3 b6 16. Nf2 Ba6 17. Bxa6 Nxa6 18. O-O Rac8 19. Rac1 Ne5 20. Qa2 Nc4 21. Rfe1 Rfd8 22. Rcd1 Nxe3 23. Rxe3 Rxd1+ 24. Nxd1 Qc5 25. Qe2 Rd8 26. Kf2 Nb8 27. Nb2 Nc6 28. Kf1 Ne5 29. h3 Ng6 30. Rd3 Rc8 31. Qd2 h6 32. Rd8+ Rxd8 33. Qxd8+ Kh7 34. Qd3 Nf4 35. Qd2 e5 36. Nd3 Qc4 37. Kf2 Nxd3+ 38. Ke3 Nf4 39. Qd7 Qe2# 0-1


[Site "https://www.chess.com"]

[Event "Titled Tuesday Blitz October 11 Early 2022"]
[White "Tymrakiewicz, Rafal"]
[Black "Siddharth, Jagadeesh"]
[WhiteFideId "1108832"]
[BlackFideId "5818320"]
[WhiteElo "2138"]
[BlackElo "2315"]
[Result "1-0"]
[Round "04"]
[TimeControl "180+1"]
[Date "2022.10.12"]
[WhiteClock "0:00:22"]
[BlackClock "0:00:49"]

1. d4 Nf6 2. Bg5 e6 3. Nd2 h6 4. Bh4 c5 5. e3 Nc6 6. Ngf3 b6 7. c3 Bb7 8. Bb5 Be7 9. O-O O-O 10. Qe2 d6 11. Rfe1 a6 12. Ba4 b5 13. Bb3 Nh5 14. Bxe7 Qxe7 15. Rad1 Nf6 16. e4 cxd4 17. cxd4 e5 18. d5 Na5 19. Qe3 Nd7 20. Rc1 Rfc8 21. a3 Qd8 22. Ba2 Nb6 23. b4 Nac4 24. Nxc4 bxc4 25. Nd2 a5 26. b5 Rc5 27. Nxc4 Rxb5 28. Rb1 Rxb1 29. Rxb1 Nxc4 30. Bxc4 Qc7 31. Bf1 Ba6 32. Rc1 Qb7 33. Bxa6 Rxa6 34. Qc3 Qb6 35. Qc6 Qb2 36. Qc8+ Kh7 37. Qf5+ Kg8 38. Rc8# 1-0


[Site "https://www.chess.com"]

[Event "Titled Tuesday Blitz October 11 Early 2022"]
[White "Ulziikhishigjargal, Ochirkhuyag"]
[Black "Ziatdinov, Raset"]
[WhiteFideId "4903188"]
[BlackFideId "2015323"]
[WhiteElo "1920"]
[BlackElo "2220"]
[Result "1-0"]
[Round "04"]
[TimeControl "180+1"]
[Date "2022.10.12"]
[WhiteClock "0:00:57"]
[BlackClock "0:00:14"]

1. c4 Nf6 2. Nc3 g6 3. g3 Bg7 4. Bg2 O-O 5. Nf3 d6 6. O-O Nc6 7. d3 e5 8. Bg5 h6 9. Bxf6 Bxf6 10. Nd5 Bg7 11. Rb1 a5 12. a3 a4 13. Nc3 Bd7 14. Nxa4 Nd4 15. Nc3 f5 16. e3 Ne6 17. Qc2 f4 18. Rbe1 fxg3 19. fxg3 c6 20. Qe2 Kh7 21. Nh4 Qb6 22. Be4 Rxf1+ 23. Rxf1 Nf8 24. Nd1 Qd8 25. Rf7 Qe8 26. Qf3 Bg4 27. Rxg7+ Kxg7 28. Qxg4 Rd8 29. Nc3 b5 30. cxb5 d5 31. Bg2 d4 32. Bxc6 Qf7 33. exd4 Rxd4 34. Qe2 Qf6 35. Nf3 Rd6 36. Qxe5 Rxd3 37. Qxf6+ Kxf6 38. Be4 Rd8 39. b6 Ne6 40. b7 Nc5 41. Bc6 Rb8 42. b4 Nxb7 43. Bxb7 Rxb7 44. b5 Ke6 45. a4 Kd6 46. a5 Kc5 47. a6 Rb8 48. Ne5 Ra8 49. Nd7+ Kd6 50. Nb6 Rb8 51. a7 1-0


[Site "https://www.chess.com"]

[Event "Titled Tuesday Blitz October 11 Early 2022"]
[White "Urazayev, Arystanbek"]
[Black "Gabdrakhmanov, Azat"]
[WhiteFideId "13709810"]
[BlackFideId "34189197"]
[WhiteElo "2441"]
[BlackElo "2233"]
[Result "0-1"]
[Round "04"]
[TimeControl "180+1"]
[Date "2022.10.11"]
[WhiteClock "0:00:03"]
[BlackClock "0:00:25"]

1. d4 Nf6 2. c4 g6 3. Nc3 Bg7 4. e4 O-O 5. Be2 d6 6. Nf3 e5 7. O-O Nc6 8. d5 Ne7 9. b4 Nh5 10. Re1 f5 11. Ng5 Nf6 12. Bf3 h6 13. Ne6 Bxe6 14. dxe6 c6 15. b5 Qc7 16. a4 Rad8 17. a5 Qc8 18. a6 bxa6 19. Rxa6 Qxe6 20. exf5 gxf5 21. bxc6 Qxc4 22. Rxa7 Nxc6 23. Rc7 e4 24. Be2 Qxc3 25. Bd2 Qc5 26. Qb3+ Kh8 27. Rc1 Nd4 28. Qd1 Nxe2+ 29. Qxe2 Qa3 30. R1c3 Qa8 31. Rh3 Ng4 32. Rg3 Rc8 33. Rxc8 Rxc8 34. h3 Qa1+ 35. Be1 Rc1 36. Kf1 Nh2+ 37. Kg1 Rxe1+ 0-1


[Site "https://www.chess.com"]

[Event "Titled Tuesday Blitz October 11 Early 2022"]
[White "Urbina Perez, Juan Antonio"]
[Black "Erenberg, Ariel"]
[WhiteFideId "2217368"]
[BlackFideId "2811634"]
[WhiteElo "2197"]
[BlackElo "2416"]
[Result "0-1"]
[Round "04"]
[TimeControl "180+1"]
[Date "2022.10.12"]
[WhiteClock "0:00:10"]
[BlackClock "0:01:00"]

1. e4 e6 2. d4 d5 3. Bd3 dxe4 4. Bxe4 Nf6 5. Bf3 c5 6. Ne2 Nc6 7. Be3 Nd5 8. Bxd5 Qxd5 9. O-O cxd4 10. Nxd4 Bd7 11. Nxc6 Bxc6 12. Qxd5 Bxd5 13. Nd2 Be7 14. c4 Bc6 15. f3 O-O-O 16. Rfd1 Rd3 17. Kf2 Rhd8 18. Ke2 Bf6 19. Rab1 b6 20. b3 Be5 21. h3 f5 22. Nf1 Rxd1 23. Rxd1 Rxd1 24. Kxd1 Kd7 25. Nd2 Kd6 26. Ke2 Bf6 27. b4 Bc3 28. b5 Bb7 29. Nb3 Bb4 30. Kd3 e5 31. Ke2 Bc8 32. f4 e4 33. Bd4 Be6 34. Nd2 g6 35. Ke3 Bxd2+ 36. Kxd2 Bxc4 37. Be5+ Kc5 38. Bb8 Kxb5 39. Bxa7 Bxa2 40. Kc3 Bc4 41. g3 Bf1 42. h4 Kc5 43. Bb8 e3 44. Be5 e2 45. Kd2 b5 46. Bg7 Kc4 47. Bf6 Kb3 48. Be7 Kc4 49. Bf8 Kd4 50. Bb4 Ke4 51. Ke1 Kf3 0-1


[Site "https://www.chess.com"]

[Event "Titled Tuesday Blitz October 11 Early 2022"]
[White "Van Foreest, Jorden"]
[Black "Goltsev, Dmitry"]
[WhiteFideId "1039784"]
[BlackFideId "24176710"]
[WhiteElo "2649"]
[BlackElo "2257"]
[Result "1-0"]
[Round "04"]
[TimeControl "180+1"]
[Date "2022.10.11"]
[WhiteClock "0:00:43"]
[BlackClock "0:00:10"]

1. Nf3 d5 2. d4 Nf6 3. c4 c6 4. Nc3 dxc4 5. a4 a5 6. e4 Bg4 7. Bxc4 e6 8. Be3 Nbd7 9. h3 Bh5 10. Qc2 Bb4 11. Ne5 Nxe5 12. dxe5 Nd7 13. f4 Qh4+ 14. Qf2 Qxf2+ 15. Kxf2 Bg6 16. Kf3 Nc5 17. g4 h6 18. f5 Bh7 19. Rhd1 O-O 20. Na2 Nxa4 21. Nxb4 axb4 22. Rxa4 Rxa4 23. Rd7 b5 24. Bb3 Raa8 25. Bc5 Rfd8 26. Rd6 Kh8 27. Bb6 Re8 28. Rxc6 Rac8 29. Rd6 Rc1 30. Rd7 Bg8 31. Bd4 h5 32. g5 Rf1+ 33. Kg2 Rf4 34. Bc2 exf5 35. exf5 b3 36. Bd3 h4 37. e6 Rxd4 38. Rxd4 fxe6 39. Rxh4+ Bh7 40. f6 gxf6 41. Rxh7+ Kg8 42. gxf6 Rf8 43. Rg7+ Kh8 44. Rg6 e5 45. Kf3 b4 46. Ke4 Rd8 47. Rh6+ Kg8 48. Bc4+ Kf8 49. Rh8# 1-0


[Site "https://www.chess.com"]

[Event "Titled Tuesday Blitz October 11 Early 2022"]
[White "Vargas, Mauricio"]
[Black "Huber, Benedikt"]
[WhiteFideId "4404572"]
[BlackFideId "12923583"]
[WhiteElo "2025"]
[BlackElo "2199"]
[Result "0-1"]
[Round "04"]
[TimeControl "180+1"]
[Date "2022.10.12"]
[WhiteClock "0:00:15"]
[BlackClock "0:01:23"]

1. e4 c5 2. Nc3 e6 3. f4 a6 4. Nf3 d5 5. e5 Nc6 6. g4 f6 7. Bg2 fxe5 8. Nxe5 Nxe5 9. fxe5 Qh4+ 10. Kf1 Nh6 11. h3 Be7 12. d3 O-O+ 13. Kg1 Qf2+ 14. Kh2 Bh4 15. Rf1 Qg3+ 16. Kh1 Bd7 17. Bd2 Rxf1+ 18. Qxf1 Rf8 19. Qg1 Qxe5 20. Re1 Bxe1 21. Bxe1 Nf7 22. Nd1 Ng5 23. Bh4 Nf3 24. Qf1 Nxh4 25. Qe1 Nxg2 26. Kxg2 Qxe1 27. Nf2 Qxf2+ 0-1


[Site "https://www.chess.com"]

[Event "Titled Tuesday Blitz October 11 Early 2022"]
[White "Veleshnja, Zino"]
[Black "De Souza, Cristiano Gomes"]
[WhiteFideId "4701313"]
[BlackFideId "2151758"]
[WhiteElo "2167"]
[BlackElo "2068"]
[Result "1-0"]
[Round "04"]
[TimeControl "180+1"]
[Date "2022.10.12"]
[WhiteClock "0:01:23"]
[BlackClock "0:02:10"]

1. d4 Nf6 2. c4 g6 3. Nc3 d6 4. e4 Bg7 5. Be2 O-O 6. Be3 e5 7. d5 Nbd7 8. h4 a6 9. h5 Nc5 10. h6 Bh8 11. Qc2 a5 12. Nf3 b6 13. Nd2 Bd7 14. f3 Nh5 15. Rxh5 gxh5 16. O-O-O f5 17. exf5 Bxf5 18. Nde4 Nxe4 19. fxe4 Bg4 20. Rh1 Bf6 21. Bxg4 hxg4 22. Qd1 Qd7 23. Ne2 Kh8 24. Ng3 Rg8 25. Rh5 Rg6 26. Rf5 Rag8 27. Qf1 Bg5 28. Bxg5 Rxg5 29. Rxg5 1-0


[Site "https://www.chess.com"]

[Event "Titled Tuesday Blitz October 11 Early 2022"]
[White "Vlassov, Nikolai"]
[Black "Reprintsev, Alexander"]
[WhiteFideId "4103360"]
[BlackFideId "14100541"]
[WhiteElo "2324"]
[BlackElo "2230"]
[Result "1/2-1/2"]
[Round "04"]
[TimeControl "180+1"]
[Date "2022.10.12"]
[WhiteClock "0:00:36"]
[BlackClock "0:00:06"]

1. e4 d5 2. exd5 Qxd5 3. Nf3 Bg4 4. Be2 Nc6 5. d4 O-O-O 6. Be3 e5 7. c4 Qa5+ 8. Bd2 Bb4 9. d5 Bxf3 10. Bxf3 Nd4 11. Nc3 Qa6 12. b3 Qg6 13. O-O Nf6 14. a3 Bd6 15. b4 e4 16. Be2 Rhe8 17. Be3 Nxe2+ 18. Qxe2 a6 19. Rfd1 Qh5 20. Qxh5 Nxh5 21. Bd4 f5 22. f3 exf3 23. gxf3 Nf4 24. Re1 Nd3 25. Rxe8 Rxe8 26. Kf1 Bxh2 27. Bxg7 Rg8 28. Bd4 Nf4 29. Re1 h5 30. Re7 h4 31. Rh7 Ng6 32. b5 Be5 33. Bxe5 Nxe5 34. Rxh4 Nxf3 35. Rf4 Nd2+ 36. Ke2 Nb3 37. bxa6 bxa6 38. Ke3 Rg3+ 39. Rf3 Rxf3+ 40. Kxf3 Nd2+ 41. Kf4 Nxc4 42. Kxf5 Nxa3 43. Ke5 Kd7 44. Kd4 Nb5+ 45. Nxb5 axb5 46. Kc5 b4 47. Kxb4 c6 48. dxc6+ Kxc6 1/2-1/2


[Site "https://www.chess.com"]

[Event "Titled Tuesday Blitz October 11 Early 2022"]
[White "Vokhidov, Shamsiddin"]
[Black "Martinez Alcantara, Jose Eduardo"]
[WhiteFideId "14204223"]
[BlackFideId "3805662"]
[WhiteElo "2619"]
[BlackElo "2703"]
[Result "1-0"]
[Round "04"]
[TimeControl "180+1"]
[Date "2022.10.11"]
[WhiteClock "0:00:12"]
[BlackClock "0:00:03"]

1. e4 e5 2. Nf3 Nf6 3. Nc3 Nc6 4. d4 exd4 5. Nxd4 Bb4 6. Nxc6 bxc6 7. Bd3 O-O 8. O-O Re8 9. Bg5 h6 10. Bh4 Be7 11. e5 Nd5 12. Bxe7 Qxe7 13. Nxd5 cxd5 14. Re1 Rb8 15. b3 Rb6 16. Qf3 Re6 17. Qxd5 Rxe5 18. Rxe5 Qxe5 19. Qxe5 Rxe5 20. f4 Re7 21. Kf2 g6 22. a4 Kf8 23. a5 c5 24. Bc4 Re4 25. g3 Ke7 26. Rd1 Bb7 27. Bxf7 Kxf7 28. Rxd7+ Re7 29. Rd6 Be4 30. c3 Rb7 31. Ke3 Bf5 32. Rc6 Rxb3 33. Rxc5 Ke6 34. Kd4 Ra3 35. Rc6+ Kd7 36. Ra6 Ra2 37. Rxa7+ Kc6 38. g4 Bxg4 39. Ra6+ Kd7 40. Rxg6 h5 41. a6 Be6 42. a7 Ke7 43. f5 Bf7 44. Rb6 Rxa7 45. c4 Ra1 46. c5 Rd1+ 47. Ke4 Rc1 48. Rb7+ Kf6 49. Rb6+ Kg5 50. c6 Be8 51. Kd5 Kxf5 52. Kd6 Bf7 53. c7 Be6 54. Rb5+ Kf6 55. Rxh5 Rd1+ 56. Kc6 Rc1+ 57. Rc5 Ra1 58. Kb7 Rb1+ 59. Kc6 Ke7 60. Rc2 Bd7+ 61. Kd5 Bc8 62. Kc6 Re1 63. Rd2 Re6+ 64. Kc5 Bb7 65. Rb2 Rc6+ 66. Kd4 Rxc7 67. Ke5 1-0


[Site "https://www.chess.com"]

[Event "Titled Tuesday Blitz October 11 Early 2022"]
[White "Winterberg, Lukas"]
[Black "Liu, Xiangyi"]
[WhiteFideId "24622702"]
[BlackFideId "8605718"]
[WhiteElo "2349"]
[BlackElo "2323"]
[Result "0-1"]
[Round "04"]
[TimeControl "180+1"]
[Date "2022.10.12"]
[WhiteClock "0:01:41"]
[BlackClock "0:01:25"]

1. d4 Nf6 2. Nf3 g6 3. c4 Bg7 4. Nc3 d5 5. cxd5 Nxd5 6. e4 Nxc3 7. bxc3 O-O 8. Be2 c5 9. O-O Nd7 10. Be3 Nf6 11. Qc2 Qc7 12. e5 Nd5 13. Bd2 cxd4 14. Nxd4 Bxe5 15. Nf3 Nxc3 16. Bd3 Ne2+ 17. Kh1 Qxc2 18. Bxc2 Bxa1 19. Rxa1 Bg4 20. Re1 Bxf3 21. gxf3 Nd4 22. Be4 Rfd8 23. Bb4 Rd7 24. Kg2 Rc8 25. a3 b6 26. Rb1 Nc2 27. Rc1 Ne3+ 28. fxe3 Rxc1 0-1


[Site "https://www.chess.com"]

[Event "Titled Tuesday Blitz October 11 Early 2022"]
[White "Wirig, Anthony"]
[Black "Chernomordik, Pavel"]
[WhiteFideId "615013"]
[BlackFideId "2804530"]
[WhiteElo "2474"]
[BlackElo "2217"]
[Result "1-0"]
[Round "04"]
[TimeControl "180+1"]
[Date "2022.10.12"]
[WhiteClock "0:00:11"]
[BlackClock "0:00:11"]

1. d4 g6 2. e4 Bg7 3. Nc3 d6 4. Be3 a6 5. h4 h6 6. a4 b6 7. Bd3 c5 8. d5 Nf6 9. f3 e6 10. Bc4 e5 11. Qd2 Nh5 12. Nge2 f5 13. exf5 gxf5 14. g4 fxg4 15. fxg4 Bxg4 16. O-O-O Nd7 17. Rdg1 Ndf6 18. Bd3 Qd7 19. Rh2 O-O-O 20. Bxa6+ Kb8 21. Bb5 Qc8 22. a5 bxa5 23. Na4 Bxe2 24. Qxe2 Rhg8 25. Bc6 Ka7 26. Rhg2 Qc7 27. Rg6 Nf4 28. Bxf4 exf4 29. Qf3 Rdf8 30. Nc3 Nd7 31. Nb5+ Kb6 32. Nxc7 Kxc7 33. Rxg7 1-0


[Site "https://www.chess.com"]

[Event "Titled Tuesday Blitz October 11 Early 2022"]
[White "Xu, Yi"]
[Black "Terzi, Alexei"]
[WhiteFideId "8605564"]
[BlackFideId "13505076"]
[WhiteElo "2471"]
[BlackElo "2172"]
[Result "1/2-1/2"]
[Round "04"]
[TimeControl "180+1"]
[Date "2022.10.11"]
[WhiteClock "0:00:36"]
[BlackClock "0:00:22"]

1. e4 c5 2. Nf3 Nc6 3. d4 cxd4 4. Nxd4 g6 5. c4 Nf6 6. Nc3 d6 7. Be2 Nxd4 8. Qxd4 Bg7 9. Be3 O-O 10. Qd2 a5 11. O-O a4 12. f3 Qa5 13. Rab1 Be6 14. Rfc1 Rfc8 15. b4 axb3 16. axb3 Qb4 17. Bd4 Nd7 18. Bxg7 Kxg7 19. Qd4+ Kg8 20. Nd5 Bxd5 21. exd5 Ra2 22. Qe3 Qd2 23. Qxd2 Rxd2 24. Kf2 Ra8 25. Ra1 Raa2 26. Rxa2 Rxa2 27. Ke3 Rb2 28. Bd1 Nc5 29. g4 g5 30. Ra1 Nxb3 31. Ra8+ Kg7 32. Re8 Kf6 33. Rh8 Rb1 34. Bc2 Rb2 35. Kd3 Nd4 36. Kxd4 Rxc2 37. Rxh7 Rd2+ 38. Ke3 Rc2 39. Kd3 Rf2 40. Ke3 Rc2 41. Kd3 Rf2 42. Ke3 Rc2 1/2-1/2


[Site "https://www.chess.com"]

[Event "Titled Tuesday Blitz October 11 Early 2022"]
[White "Yanchenko, Roman"]
[Black "Turutin, Alexander"]
[WhiteFideId "4137329"]
[BlackFideId "4180623"]
[WhiteElo "2514"]
[BlackElo "2402"]
[Result "1-0"]
[Round "04"]
[TimeControl "180+1"]
[Date "2022.10.12"]
[WhiteClock "0:00:16"]
[BlackClock "0:00:14"]

1. d4 Nf6 2. c4 g6 3. Nf3 Bg7 4. Nc3 O-O 5. Bg5 c5 6. e3 cxd4 7. exd4 d5 8. Bxf6 Bxf6 9. Nxd5 Bg7 10. Be2 Nc6 11. O-O e6 12. Nc3 Nxd4 13. Nxd4 Bxd4 14. Qc2 Bd7 15. Rad1 Bc6 16. Ne4 f5 17. Qd2 e5 18. Ng5 Qf6 19. Bf3 Rad8 20. Bxc6 bxc6 21. Nf3 c5 22. Qa5 Qb6 23. Qxb6 axb6 24. b3 e4 25. Nxd4 Rxd4 26. Rxd4 cxd4 27. Rd1 d3 28. g3 Kf7 29. f3 Ke6 30. Kf2 Ke5 31. Ke3 g5 32. f4+ gxf4+ 33. gxf4+ Kf6 34. Rg1 Rd8 35. Rg2 Ke6 36. h4 h5 37. Kd2 Kd6 38. Rg6+ Kc5 39. Kc3 d2 40. b4# 1-0


[Site "https://www.chess.com"]

[Event "Titled Tuesday Blitz October 11 Early 2022"]
[White "Yaniuk, Volodymyr"]
[Black "Delorme, Alban"]
[WhiteFideId "14133083"]
[BlackFideId "623636"]
[WhiteElo "2141"]
[BlackElo "2197"]
[Result "1-0"]
[Round "04"]
[TimeControl "180+1"]
[Date "2022.10.12"]
[WhiteClock "0:02:19"]
[BlackClock "0:01:33"]

1. e4 c5 2. Nc3 Nc6 3. Nf3 e5 4. Bc4 g6 5. O-O Bg7 6. d3 Nge7 7. Ng5 O-O 8. Qf3 Nd4 9. Bxf7+ Kh8 10. Qh3 h6 11. Bb3 d5 12. Qh4 Nxb3 13. axb3 d4 14. Nd5 Nxd5 15. Nf7+ Kh7 16. Nxd8 1-0


[Site "https://www.chess.com"]

[Event "Titled Tuesday Blitz October 11 Early 2022"]
[White "Yuan, Qingyu"]
[Black "D`Arruda, Ricardo D."]
[WhiteFideId "8609772"]
[BlackFideId "100692"]
[WhiteElo "2359"]
[BlackElo "2426"]
[Result "1-0"]
[Round "04"]
[TimeControl "180+1"]
[Date "2022.10.12"]
[WhiteClock "0:00:07"]
[BlackClock "0:00:07"]

1. d4 Nf6 2. Bf4 d6 3. Nf3 b6 4. Nbd2 Bb7 5. e3 g6 6. Be2 Bg7 7. h3 O-O 8. O-O Nbd7 9. a4 Ne4 10. Nxe4 Bxe4 11. a5 c5 12. c3 Nf6 13. Qa4 Qd7 14. Bb5 Qb7 15. a6 Qc7 16. Nd2 Bf5 17. Rad1 Bd7 18. Nc4 Bxb5 19. Qxb5 Rfd8 20. Rfe1 Rac8 21. d5 Qd7 22. Na3 Qxb5 23. Nxb5 Rd7 24. c4 Ne8 25. b3 Ra8 26. Re2 Be5 27. Kf1 Bxf4 28. exf4 Nc7 29. Ra1 Nxb5 30. cxb5 Rc8 31. Ra4 Rdc7 32. Rc4 Re8 33. Rce4 Kf8 34. g4 Rec8 35. Rc4 Re8 36. Rce4 Rec8 37. Kg2 Rd7 38. Kg3 Rdc7 39. Kh4 f6 40. f5 gxf5 41. gxf5 Kf7 42. Kh5 Rg8 43. Rg4 Rcc8 44. Ree4 Rxg4 45. Rxg4 Rg8 46. Kh6 Rxg4 47. hxg4 Kg8 48. f4 Kh8 49. g5 Kg8 50. g6 hxg6 51. fxg6 Kh8 52. g7+ Kg8 53. f5 c4 54. bxc4 Kf7 55. Kh7 1-0


[Site "https://www.chess.com"]

[Event "Titled Tuesday Blitz October 11 Early 2022"]
[White "Zaksaite, Salomeja"]
[Black "Lehtosaari, Mauri"]
[WhiteFideId "12801496"]
[BlackFideId "501999"]
[WhiteElo "2094"]
[BlackElo "2498"]
[Result "0-1"]
[Round "04"]
[TimeControl "180+1"]
[Date "2022.10.12"]
[WhiteClock "0:00:01"]
[BlackClock "0:00:15"]

1. e4 c5 2. Nf3 e6 3. g3 Nf6 4. Qe2 Nc6 5. c3 d5 6. d3 b6 7. e5 Nd7 8. Bg2 Ba6 9. O-O Qc7 10. Re1 Be7 11. Nbd2 Rc8 12. Nf1 d4 13. c4 b5 14. b3 bxc4 15. bxc4 h6 16. h4 Rb8 17. N1h2 Qa5 18. Bf4 Rb6 19. h5 Bb7 20. Ng4 Qa3 21. Rab1 Nb4 22. Rb3 Qxa2 23. Rb2 Qa3 24. Rd1 Nc6 25. Rxb6 Nxb6 26. Nd2 Na4 27. Ne4 Nc3 28. Nxc3 dxc3 29. Rb1 Nd4 30. Qe1 Bxg2 31. Kxg2 c2 32. Rc1 Qxd3 33. Be3 Bg5 34. Bxd4 Bxc1 35. Qxc1 cxd4 0-1


[Site "https://www.chess.com"]

[Event "Titled Tuesday Blitz October 11 Early 2022"]
[White "Zemlyanskii, Ivan"]
[Black "Mamedov, Rauf"]
[WhiteFideId "24249971"]
[BlackFideId "13401653"]
[WhiteElo "2107"]
[BlackElo "2650"]
[Result "0-1"]
[Round "04"]
[TimeControl "180+1"]
[Date "2022.10.11"]
[WhiteClock "0:00:22"]
[BlackClock "0:01:12"]

1. d4 d5 2. c4 e6 3. Nf3 Nf6 4. Qc2 c5 5. dxc5 Nc6 6. cxd5 Qxd5 7. Nc3 Qxc5 8. e4 Ng4 9. h3 Nge5 10. Nxe5 Qxe5 11. Be3 Bb4 12. a3 Ba5 13. Bd3 Bb6 14. Bxb6 axb6 15. O-O O-O 16. f4 Qc5+ 17. Kh2 Nd4 18. Qd1 Rd8 19. e5 Nf5 20. Qe2 Bd7 21. Ne4 Qd4 22. Ng5 h6 23. Rad1 Ba4 24. Bc2 Qxb2 25. Rxd8+ Rxd8 26. Nxf7 Kxf7 27. Qh5+ g6 28. Qf3 Qxc2 29. Qxb7+ Rd7 30. Qb8 Bc6 31. Rg1 Rd2 32. Qc7+ Ne7 0-1


[Site "https://www.chess.com"]